 Dungeon Crawl Stone Soup version 0.31.0-11-ge490571c62 (webtiles) character file.

Game seed: 16967930331383992451

57 SnakkuSnakku7 the Trooper (level 3, -8/29 HPs)
             Began as a Mummy Alchemist on Jan 26, 2024.
             Mangled by a kobold brigand
             ... wielding a +0 hand axe
              (9 damage)
             ... on level 3 of the Dungeon.
             The game lasted 00:02:13 (1456 turns).

SnakkuSnakku7 the Trooper (Mummy Alchemist)         Turns: 1456, Time: 00:02:13

Health: -8/29      AC:  9    Str: 13    XL:     3   Next: 73%
Magic:  7/7        EV:  6    Int: 14    God:
Gold:   131        SH:  0    Dex: 12    Spells: 6/7 levels left

rFire   x . .        j - +2 short sword (vamp)
rCold   + . .        (no shield)
rNeg    + + +        l - +0 chain mail
rPois   ∞            (no helmet)
rElec   .            (no cloak)
rCorr   .            (no gloves)
SInv    .            d - +0 pair of boots
Will    .....        (no amulet) Stlth
                     (no ring)
HPRegen 0.24/turn    (no ring)
MPRegen 0.10/turn

%: faith
@: no status effects
A: cold resistance 1, negative energy resistance 3, torment resistance 2, heat
vulnerability 1, in touch with death 1, no potions, faith
a: no special abilities


You were on level 3 of the Dungeon.
You visited 1 branch of the dungeon, and saw 3 of its levels.

You collected 131 gold pieces.

Inventory:

Hand Weapons
 c - a +0 short sword
 g - a +0 spear
 j - a +2 vampiric short sword (weapon)
 n - a +0 hand axe
Missiles
 o - 4 poisoned darts (quivered)
Armour
 a - a +0 robe
 d - a +0 pair of boots (worn)
 f - a +0 ring mail
 l - a +0 chain mail (worn)
Jewellery
 m - a ring of see invisible
Scrolls
 b - a scroll of amnesia {unknown}
 e - a scroll of poison {unknown}
 h - a scroll of identify {unknown}
 i - 2 scrolls of teleportation {unknown}
 k - a scroll of torment {unknown}


   Skills:
 + Level 3.4 Fighting
 - Level 1.5 Dodging
 - Level 1.5 Stealth
 - Level 2.6 Spellcasting
 - Level 0.7 Conjurations
 - Level 2.4 Alchemy


You had 6 spell levels left.
You knew the following spells:

 Your Spells              Type           Power      Damage    Failure   Level
a - Sting                 Conj/Alch      24%        1d4       96%         1

Your spell library contained the following spells:

 Spells                   Type           Power      Damage    Failure   Level
 Mercury Vapours          Alch/Air       10%        N/A       99%         2
 Dazzling Flash           Conj/Hex       4%         N/A       100%        3
 Mephitic Cloud           Conj/Alch/Air  4%         N/A       100%        3
 Olgreb's Toxic Radiance  Alch           8%         N/A       100%        4
 Sticky Flame             Fire/Alch      5%         2d4       100%        4
 Curse of Agony           Necr           2%         N/A       100%        5
 Silence                  Hex/Air        0%         N/A       100%        5


Dungeon Overview and Level Annotations

Branches:
Dungeon (3/15)

Altars:
Gozag
Makhleb


Innate Abilities, Weirdness & Mutations

You are immune to poison.
Your flesh is cold resistant. (rC+)
You are immune to negative energy. (rN+++)
You are immune to unholy pain and torment.
You are vulnerable to heat. (rF-)
You are in touch with the powers of death.
You do not drink.
You have a special connection with the divine. (Faith)


Message History

The kobold brigand hits you but does no damage.
You hit the kobold brigand.
You feel better.
The kobold brigand is severely wounded.
The kobold brigand hits you but does no damage.
You miss the kobold brigand.
The kobold brigand is severely wounded.
The kobold brigand hits you with a +0 hand axe.
You hit the kobold brigand.
You feel better.
The kobold brigand is severely wounded.
The kobold brigand barely misses you.
You miss the kobold brigand.
The kobold brigand is severely wounded.
The kobold brigand hits you with a +0 hand axe.
* * * LOW HITPOINT WARNING * * *
You hit the kobold brigand.
The kobold brigand is almost dead.
The kobold brigand hits you but does no damage.
You miss the kobold brigand.
The kobold brigand is almost dead.
The kobold brigand closely misses you.
You closely miss the kobold brigand.
The kobold brigand is almost dead.
The kobold brigand closely misses you.
You closely miss the kobold brigand.
The kobold brigand is almost dead.
The kobold brigand hits you with a +0 hand axe.
* * * LOW HITPOINT WARNING * * *
You barely miss the kobold brigand.
You punch the kobold brigand, but do no damage.
The kobold brigand is almost dead.
The kobold brigand hits you with a +0 hand axe.
* * * LOW HITPOINT WARNING * * *
You closely miss the kobold brigand.
The kobold brigand is almost dead.
The kobold brigand hits you with a +0 hand axe.
* * * LOW HITPOINT WARNING * * *
You hit the kobold brigand but do no damage.
The kobold brigand is almost dead.
The kobold brigand hits you with a +0 hand axe!
You die...

# #+#.# # ##.##
..#.#.##. ..... #.#.#...
######.### #.#.#.##
#......#
#####.#....####.########
...........#............
######).#....##.########
#))#~........#
#.@#~~#.#.##.#
#.K##~~#.#..#.#
#..#≈≈~~.#....#
#..#≈≈~~.###..####
#..#≈≈~~.........#
#..##≈~######.##.### ##.
#~~# #.##...# #.
#.####.. #.# ##.


You could see a kobold brigand.

Vanquished Creatures
  2 adders
  A dart slug (D:2)
  2 endoplasms (D:1)
  3 goblins
  7 hobgoblins
  8 kobolds
  3 ball pythons (D:1)
  6 bats
  3 frilled lizards
  A rat (D:1)
36 creatures vanquished.

Notes
Turn   | Place    | Note
-------+----------+-------------------------------------------
     0 | D:1      | SnakkuSnakku7 the Mummy Alchemist began the quest for the
                  | Orb.
     0 | D:1      | Reached XP level 1. HP: 13/13 MP: 4/4
    58 | D:1      | Reached skill level 1 in Fighting
   174 | D:1      | Reached XP level 2. HP: 17/22 MP: 5/5
   284 | D:1      | Reached skill level 2 in Fighting
  1068 | D:2      | Reached XP level 3. HP: 28/28 MP: 7/7
  1134 | D:2      | Reached skill level 3 in Fighting
  1325 | D:3      | Found an opulent altar of Gozag.
  1325 | D:3      | Found a burning altar of Makhleb.
  1430 | D:3      | Noticed a kobold brigand
  1454 | D:3      | HP: 1/29 [kobold brigand/+0 hand axe (4)]
  1456 | D:3      | Mangled by a kobold brigand

Illustrated notes

Levels and vault maps discovered:
D:1:      dpeg_arrival_arbitrary_a, layout_loops_ring, glass_columns_a
D:2:      layout_basic, hangedman_decor_diamond_cutter, minmay_misc_feat_roman,
          due_unseen_surprise
D:3:      cheibrodos_thug_alley, layout_basic, gammafunk_temple_overflow_statue,
          chequers_ecumenical_altar_simple_redux

Skill      XL: |  1  2  3 |
---------------+----------+-----
Fighting       | 1 2 3 |  3.4
Dodging        | |  1.5
Stealth        | |  1.5
Spellcasting   | |  2.6
Conjurations   | |  0.7
Alchemy        | |  2.4

Action                     || total
---------------------------++-------
  Melee: Unarmed           ||    18
         Short sword       ||   127
         Spear             ||     5
         Punch             ||     2
   Cast: Sting             ||     9
 Armour: Robe              ||    36
         Ring mail         ||    11
         Chain mail        ||    48
  Dodge: Dodged            ||    85
